 Dungeon Crawl Stone Soup version 0.29-a0-320-g9f8742066b (webtiles) character file.

Game seed: 2001967733164286820

7053 sokol815 the Firebug (level 11, -2/56 HPs)
             Began as a Vine Stalker Gladiator on Apr 2, 2022.
             Was a High Priest of Vehumet.
             Slain by a boulder beetle (42 damage)
             ... on level 9 of the Dungeon.
             The game lasted 00:22:23 (8248 turns).

sokol815 the Firebug (Vine Stalker Gladiator)       Turns: 8248, Time: 00:22:24

Health: -2/56      AC: 16    Str: 16    XL:     11   Next: 9%
Magic:  0/16       EV: 15    Int: 12    God:    Vehumet [*****.]
Gold:   318        SH: 11    Dex: 17    Spells: 8/16 levels left

rFire   . . .      SeeInvis +   a - +9 mace "Wufoox Rudd" {flame, rC++}
rCold   + + +      Faith    .   x - +1 buckler
rNeg    . . .      Spirit   +   D - +5 ring mail "Moazxuipymm" {rC+}
rPois   .          Reflect  +   M - +2 helmet {SInv}
rElec   .          Harm     .   (no cloak)
rCorr   .          Rampage  .   w - +0 pair of gloves
Will    +....                   g - +1 pair of boots
Stlth   +.........              F - amulet of reflection
HPRegen 0.98/turn               E - +4 ring of evasion
MPRegen 0.15/turn               Q - +4 ring of slaying

@: no status effects
A: fangs 3, regeneration 1, magic shield, antimagic bite, no potion heal 2
a: Renounce Religion


You were on level 9 of the Dungeon.
You worshipped Vehumet.
Vehumet was extremely pleased with you.
You visited 1 branch of the dungeon, and saw 9 of its levels.
You also visited: Ossuary.

You collected 1474 gold pieces.
You spent 1156 gold pieces at shops.

Inventory:

Hand Weapons
 a - the +9 mace "Wufoox Rudd" (weapon) {flame, rC++}
   (You found it on level 7 of the Dungeon)

   It burns those it strikes, dealing additional fire damage.
   rC:        It greatly protects you from cold.
 b - a +8 spectral war axe
   (You found it on level 2 of the Dungeon)
 i - a +1 dagger of flaming
   (You took it off a kobold on level 1 of the Dungeon)
 o - a +0 whip of draining
   (You took it off a kobold on level 6 of the Dungeon)
 t - a +0 war axe
 u - a +1 dagger of protection
   (You took it off an orc wizard on level 4 of the Dungeon)
 z - a +4 hand axe
   (You took it off a wight on level 8 of the Dungeon)
 K - a +4 mace
   (You took it off a wight on level 7 of the Dungeon)
Missiles
 d - 3 throwing nets {!d}
 f - 7 javelins
 l - 33 poisoned darts
 m - 3 datura-tipped darts
 s - 300 stones
Armour
 g - a +1 pair of boots (worn)
   (You found it on level 3 of the Dungeon)
 h - a +0 plate armour
   (You found it on level 4 of the Dungeon)
 k - a +0 kite shield
   (You took it off a gnoll sergeant on level 7 of the Dungeon)
 w - a +0 pair of gloves (worn)
   (You found it on level 4 of the Dungeon)
 x - a +1 buckler (worn)
   (You found it on level 1 of the Dungeon)
 D - the +5 ring mail "Moazxuipymm" (worn) {rC+}
   (You found it on level 8 of the Dungeon)

   rC:        It protects you from cold.
 M - a +2 helmet of see invisible (worn)
   (You found it on level 9 of the Dungeon)
Magical Staves
 c - a staff of conjuration
   (You found it on level 9 of the Dungeon)
 p - a staff of poison {rPois}
   (You took it off a kobold brigand on level 8 of the Dungeon)
Jewellery
 v - an amulet of faith
   (You found it on level 6 of the Dungeon)
 C - a ring of protection from cold {rC+, !d}
   (You found it on level 7 of the Dungeon)
 E - a +4 ring of evasion (left hand)
   (You found it on level 9 of the Dungeon)
 F - an amulet of reflection (around neck)
   (You found it on level 9 of the Dungeon)
 P - a ring of poison resistance {rPois, !d}
   (You found it on level 1 of the Dungeon)
 Q - a +4 ring of slaying (right hand)
   (You bought it in a shop on level 5 of the Dungeon)
Wands
 e - a wand of charming (7)
   (You found it on level 2 of the Dungeon)
 j - a wand of polymorph (8)
   (You found it on level 6 of the Dungeon)
 y - a wand of mindburst (14)
   (You found it on level 8 of the Dungeon)
Scrolls
 q - a scroll of fear
 r - 5 scrolls of identify {@r1}
 A - a scroll of brand weapon
 O - a scroll of silence
 X - a scroll of magic mapping {@r4!r}
 Y - 3 scrolls of teleportation {@r3}
Potions
 n - 3 potions of attraction {!q}
 B - 6 potions of brilliance
 G - 4 potions of ambrosia {!q}
 I - a potion of invisibility
 J - 7 potions of curing {@q1}
 L - a potion of flight
 U - 4 potions of mutation {!q}


   Skills:
 * Level 5.6 Fighting
 - Level 6.7(7.7) Axes
 * Level 5.6(7.1) Maces & Flails
 - Level 1.7 Throwing
 - Level 2.4 Dodging
 - Level 4.0 Shields
 - Level 3.0 Spellcasting
 + Level 7.3 Conjurations
 - Level 4.0 Translocations
 + Level 7.3 Fire Magic


You had 8 spell levels left.
You knew the following spells:

 Your Spells              Type           Power      Damage    Failure   Level
a - Foxfire               Conj/Fire      76%        2x1d7     1%          1
b - Blink                 Tloc           22%        N/A       19%         2
f - Fireball              Conj/Fire      9%         3d6       21%         5

Your spell library contained the following spells:

 Spells                   Type           Power      Damage    Failure   Level
 Fulminant Prism          Conj/Hex       5%         3d7       32%         4
 Gell's Gravitas          Tloc           11%        N/A       34%         3
 Lesser Beckoning         Tloc           11%        N/A       34%         3
 Teleport Other           Tloc           11%        N/A       34%         3
 Sting                    Tmut/Pois      4%         1d3       52%         1
 Passwall                 Tmut/Erth      0%         N/A       67%         2
 Manifold Assault         Tloc           11%        N/A       97%         5
 Lee's Rapid Deconstruct  Erth           0%         3d5*      98%         5
 Ice Form                 Ice/Tmut       1%         N/A       99%         4
 Dispersal                Tloc           5%         N/A       100%        6
 Lehudib's Crystal Spear  Conj/Erth      5%         10d3      100%        8


Dungeon Overview and Level Annotations

Branches:
Dungeon (9/15)             Temple (0/1) D:6             Orc (0/2) D:9
Ossuary (visited)
   Lair: D:8-11

Altars:
Hepliaklqana
Makhleb
Vehumet

Shops:
D:5 *=**?


Innate Abilities, Weirdness & Mutations

You have razor-sharp teeth.
Your natural rate of healing is unusually fast.
When hurt, damage is shared between your health and your magic reserves.
Your bite disrupts and absorbs the magic of your enemies.
Potions cannot restore your health.


Message History

E - a +4 ring of evasion (left hand)
A troll comes into view.
The troll shouts!
The troll moves out of view.
A shadow comes into view.
The troll bites you! The troll misses you. The troll claws you.
You take 7 damage, and have 49/56 hp.
You now have 15/16 mp.
You closely miss the troll. You block the troll's attack.
The troll barely misses you. The troll claws you but does no damage.
You sock the troll! You burn the troll. Your bite misses the troll.
The troll bites you but does no damage. The troll claws you.
The troll claws you!
You take 5 damage, and have 45/56 hp.
You now have 12/16 mp.
You sock the troll! You burn the troll. You block the troll's attack. x2
The troll closely misses you.
You sock the troll! You burn the troll.
You kill the troll!
Vehumet accepts your kill.
You feel your power returning.
The shadow slips into darkness.
The shadow flickers and vanishes for a moment.
You regained 2 mp, and now have 14/16 mp.
You thump the shadow! You burn the shadow. You bite the shadow!
You drain its power.
You feel invigorated. You block the shadow's attack.
MP restored: 16 You hit the shadow but do no damage.
The shadow closely misses you.
You sock the shadow! You burn the shadow.
You destroy the shadow!
Vehumet accepts your kill.
No target in view!
No target in view!
You now have 296 gold pieces (gained 11).
Found a stone staircase leading down.
Health restored: 56 You now have enough gold to buy a ring of protection from fire on D:5, or buy a transparent rapier on D:5.
You now have 309 gold pieces (gained 13).
A hornet comes into view.
The hornet buzzes angrily.
A boulder beetle comes into view.
The hornet closely misses you.
The hornet stings you but does no damage.
You hit the hornet. You burn the hornet. You bite the hornet!
You drain its power.
The hornet stings you but does no damage.
You barely miss the hornet. Your bite misses the hornet.
You block the hornet's attack. The hornet closely misses you.
You hit the hornet. You burn the hornet. Your bite misses the hornet.
The hornet closely misses you. You block the boulder beetle's attack.
You block the hornet's attack.
You sock the hornet! You burn the hornet. You bite the hornet.
You drain its power. The hornet stings you.
You feel yourself slow down. The boulder beetle barely misses you.
You take 2 damage, and have 54/56 hp.
You now have 15/16 mp.
You sock the hornet! You burn the hornet.
You kill the hornet!
Vehumet accepts your kill.
You feel yourself speed up.
The boulder beetle leaps!
Health restored: 56 No target in view!
No target in view!
MP restored: 16 You now have 318 gold pieces (gained 9).
The boulder beetle curls into a ball and begins rolling!
You completely miss the boulder beetle. The boulder beetle hits you!!!
Ouch! That really hurt!
The boulder beetle stops rolling and uncurls.
You take 34 damage, and have 22/56 hp.
MASSIVE DAMAGE!!
You now have 6/16 mp.
You hit the boulder beetle but do no damage.
You bite the boulder beetle, but do no damage.
You block the boulder beetle's attack.
The boulder beetle leaps!
You start resting.
A boulder beetle is nearby!
You regained 4 hp, and now have 29/56 hp.
You hit the boulder beetle but do no damage.
You bite the boulder beetle, but do no damage.
You block the boulder beetle's attack.
You sock the boulder beetle! You burn the boulder beetle.
You block the boulder beetle's attack.
You hit the boulder beetle but do no damage.
You block the boulder beetle's attack.
You hit the boulder beetle. You burn the boulder beetle.
You bite the boulder beetle, but do no damage.
You block the boulder beetle's attack.
You hit the boulder beetle but do no damage.
You bite the boulder beetle, but do no damage.
The boulder beetle barely misses you.
You sock the boulder beetle! You burn the boulder beetle.
You bite the boulder beetle. You drain its power.
You feel invigorated. You block the boulder beetle's attack.
You regained 2 mp, and now have 10/16 mp.
You hit the boulder beetle but do no damage.
The boulder beetle leaps!
The boulder beetle curls into a ball and begins rolling!
The boulder beetle hits you!!!
Ouch! That really hurt!
You die...

.. .... .......#........ .# #...#
#..#.>.#........ .#######...#
#####......#........
.#..#..#...#..#..#......#........
....#.........#.........+........
...###†......###........#........
##......###......###....#........
#........#.....B..#.....#........
#..#..#..#).#.○#@.#..#...........
####..#######..#######........>..
#..#..#..# .#..#. #...........
#.....)).# ...... ..............
##....).###..B... #........[....
...###.......###. ....###........
... #.........# ...... .....####
.#. #..#.[.#..# .#..#. ..#..# . .
####._.# ## .


You could see a boulder beetle (rolling).

Vanquished Creatures
  3 two-headed ogres
  A manticore (D:9)
  A gargoyle (D:7)
  2 hornets (D:9)
  A troll (D:9)
  A shadow (D:9)
  2 steam dragons (D:9)
  A yak (D:5)
  3 water moccasins
  A black bear (D:5)
  2 orc warriors (D:9)
  3 sky beasts
  2 ice beasts
  An ogre (D:5)
  3 phantoms
  3 kobold brigands
  An elf zombie (Ossuary)
  2 gnoll sergeants
  A necrophage (D:6)
  10 wights
  6 killer bees
  2 howler monkeys
  2 hounds
  2 jellies (D:6)
  A gnoll shaman (D:9)
  An orc priest (D:4)
  A human zombie (Ossuary)
  2 iguanas (D:5)
  7 orc wizards
  A hell rat (D:8)
  4 mummies (Ossuary)
  4 adders
  9 gnolls
  5 river rats (D:8)
  A shadow imp (D:6)
  2 white imps
  2 adder zombies (Ossuary)
  2 worms (D:3)
  3 dart slugs
  14 orcs
  5 bats
  8 endoplasms
  3 giant cockroaches
  10 goblins
  7 hobgoblins
  2 jackals (D:5)
  8 quokkas
  6 ball pythons
  5 frilled lizards
  3 goblin zombies (Ossuary)
  A hobgoblin zombie (Ossuary)
  A jackal zombie (Ossuary)
  23 kobolds
  2 kobold zombies (Ossuary)
  14 rats
  A rat zombie (Ossuary)
214 creatures vanquished.

Vanquished Creatures (others)
  61 foxfires
  A plant (D:3)
62 creatures vanquished.

Grand Total: 276 creatures vanquished

Notes
Turn   | Place    | Note
-------+----------+-------------------------------------------
     0 | D:1      | sokol815 the Vine Stalker Gladiator began the quest for the
                  | Orb.
     0 | D:1      | Reached XP level 1. HP: 11/11 MP: 2/2
    80 | D:1      | Reached skill level 3 in Axes
   250 | D:1      | Reached XP level 2. HP: 15/15 MP: 3/3
   366 | D:1      | Found a faded altar of an unknown god.
   379 | D:1      | Prayed at the altar of an unknown god.
   379 | D:1      | Became a worshipper of Vehumet
   379 | D:1      | Reached * piety under Vehumet
   379 | D:1      | Offered knowledge of Sandblast by Vehumet.
   922 | D:1      | Reached XP level 3. HP: 18/18 MP: 4/4
  1109 | D:2      | Offered knowledge of Foxfire by Vehumet.
  1118 | D:2      | Learned a level 1 spell: Foxfire
  1247 | D:2      | Reached ** piety under Vehumet
  1279 | D:2      | Reached skill level 4 in Axes
  1421 | D:2      | Gained mutation: Your natural rate of healing is unusually
                  | fast. [Vine Stalker growth]
  1421 | D:2      | Reached XP level 4. HP: 23/23 MP: 5/5
  2267 | D:3      | Reached skill level 1 in Spellcasting
  2402 | D:3      | Reached skill level 1 in Conjurations
  2402 | D:3      | Reached skill level 1 in Fire Magic
  2579 | D:4      | Noticed a phantom
  2585 | D:4      | Reached skill level 1 in Shields
  2585 | D:4      | Reached XP level 5. HP: 26/26 MP: 7/7
  2587 | D:4      | Killed a phantom
  2713 | D:4      | HP: 5/26 [orc priest/+0 hand axe (3)]
  2715 | D:4      | Reached XP level 6. HP: 7/30 MP: 5/9
  2716 | D:4      | Reached skill level 2 in Shields
  2765 | D:4      | Offered knowledge of Scorch by Vehumet.
  3481 | D:5      | Entered Level 5 of the Dungeon
  3514 | D:5      | Found Dilo's General Store.
  3524 | D:5      | Bought a scroll of enchant weapon for 82 gold pieces
  3546 | D:5      | Found Jaizineh's Jewellery Shop.
  3784 | D:5      | Found Ucsy's Magic Scroll Shoppe.
  3800 | D:5      | Found Vaupho's Assorted Antiques.
  3806 | D:5      | Bought a scroll labelled XEUGOY MAILL for 23 gold pieces
  3806 | D:5      | Bought a scroll labelled ZEUSTR UWIGG for 23 gold pieces
  3806 | D:5      | Bought a scroll of identify for 46 gold pieces
  3806 | D:5      | Bought a scroll of identify for 46 gold pieces
  3839 | D:5      | Found Tenisim's Assorted Antiques.
  3847 | D:5      | Reached skill level 2 in Conjurations
  4013 | D:5      | Noticed a yak
  4020 | D:5      | Reached skill level 2 in Spellcasting
  4020 | D:5      | Reached skill level 2 in Fire Magic
  4025 | D:5      | Reached *** piety under Vehumet
  4026 | D:5      | Reached XP level 7. HP: 31/34 MP: 11/11
  4059 | D:5      | Reached skill level 3 in Shields
  4079 | D:5      | Killed a yak
  4195 | D:5      | Reached skill level 3 in Spellcasting
  4195 | D:5      | Reached skill level 3 in Conjurations
  4195 | D:5      | Reached skill level 3 in Fire Magic
  4430 | D:5      | Got the Catalogue of the Shifting Rocks
  4435 | D:5      | Learned a level 2 spell: Blink
  4562 | D:6      | Reached skill level 5 in Axes
  4562 | D:6      | Gained mutation: You have razor-sharp teeth. [Vine Stalker
                  | growth]
  4562 | D:6      | Reached XP level 8. HP: 18/38 MP: 5/13
  4587 | D:6      | Reached skill level 1 in Translocations
  4611 | D:6      | Offered knowledge of Stone Arrow by Vehumet.
  4843 | D:6      | Reached skill level 4 in Shields
  4843 | D:6      | Reached skill level 2 in Translocations
  4864 | D:6      | Acquired 785 gold pieces
  4952 | D:5      | Bought a +4 ring of slaying for 936 gold pieces
  5028 | D:6      | Found a staircase to the Ecumenical Temple.
  5414 | D:7      | Reached skill level 3 in Translocations
  5418 | D:7      | HP: 5/37 [gnoll/+0 halberd (9)]
  5421 | D:7      | Reached skill level 4 in Conjurations
  5421 | D:7      | Reached skill level 4 in Fire Magic
  5440 | D:7      | Noticed a two-headed ogre
  5443 | D:7      | Found a sand-covered staircase.
  5453 | Ossuary  | Entered an ossuary
  5463 | Ossuary  | Reached **** piety under Vehumet
  5468 | Ossuary  | Reached skill level 4 in Translocations
  5540 | Ossuary  | Offered knowledge of Fireball by Vehumet.
  5547 | Ossuary  | Learned a level 5 spell: Fireball
  5575 | Ossuary  | Reached XP level 9. HP: 42/42 MP: 14/14
  5615 | D:7      | Killed a two-headed ogre
  5616 | D:7      | Reached skill level 6 in Axes
  5616 | D:7      | Reached skill level 5 in Conjurations
  5616 | D:7      | Reached skill level 5 in Fire Magic
  5918 | D:7      | Found a hazy altar of Hepliaklqana.
  5949 | D:7      | Identified the +9 mace "Wufoox Rudd" {flame, rC++}
  5983 | D:7      | Noticed a gargoyle
  6361 | D:7      | HP: 7/42 [gargoyle/stone arrow (8)]
  6402 | D:7      | HP: 5/42 [gargoyle/+0 flail (14)]
  6404 | D:7      | Killed a gargoyle
  6405 | D:7      | Reached skill level 1 in Maces & Flails
  6405 | D:7      | Reached skill level 6 in Fire Magic
  6793 | D:8      | Reached skill level 6 in Conjurations
  6797 | D:8      | Reached skill level 2 in Fighting
  6797 | D:8      | Reached skill level 2 in Maces & Flails
  6874 | D:8      | Reached XP level 10. HP: 34/47 MP: 10/15
  6925 | D:8      | Identified the +3 hand axe "Esuax" {vorpal, *Slow Str+4
                  | Dex+3}
  6993 | D:8      | Noticed a two-headed ogre
  7176 | D:8      | Reached ***** piety under Vehumet
  7177 | D:8      | Reached skill level 3 in Fighting
  7177 | D:8      | Reached skill level 3 in Maces & Flails
  7177 | D:8      | Offered knowledge of Fulminant Prism by Vehumet.
  7358 | D:8      | HP: 3/49 [two-headed ogre/+0 giant spiked club (15)]
  7359 | D:8      | Killed a two-headed ogre
  7526 | D:8      | Identified the +5 ring mail "Moazxuipymm" {rC+}
  7587 | D:8      | Noticed a two-headed ogre
  7594 | D:8      | Killed a two-headed ogre
  7595 | D:8      | Reached skill level 4 in Fighting
  7595 | D:8      | Reached skill level 4 in Maces & Flails
  7941 | D:9      | Reached skill level 7 in Fire Magic
  7958 | D:9      | Found a burning altar of Makhleb.
  7960 | D:9      | Noticed a manticore
  7969 | D:9      | Killed a manticore
  7970 | D:9      | Reached skill level 5 in Fighting
  7970 | D:9      | Reached skill level 5 in Maces & Flails
  7970 | D:9      | Reached skill level 7 in Conjurations
  8033 | D:9      | Noticed a five-headed hydra
  8033 | D:9      | Noticed a white ugly thing
  8038 | D:9      | Found a staircase to the Orcish Mines.
  8096 | D:9      | Reached XP level 11. HP: 44/56 MP: 12/16
  8214 | D:9      | Noticed a boulder beetle
  8248 | D:9      | Slain by a boulder beetle

Illustrated notes

Levels and vault maps discovered:
D:1:      dpeg_arrival_chambers_temple_mockup, layout_loops_ring,
          hellmonk_ecumenical_altar_pennies_from_heaven,
          hangedman_decor_clover_reticule
D:2:      layout_basic
D:3:      wad_lake_hut, layout_basic
D:4:      layout_cave_pods, hangedman_decor_points
D:5:      minmay_angry_zag, layout_basic, serial_shops, nicolae_stop_n_shop_1,
          nicolae_square_shop, nicolae_shop_waterfront, nicolae_shop_trees,
          shop_coins, kennysheep_generic_room_8
D:6:      layout_loops_cross, minmay_temple_entry_glassed_door
D:7:      layout_basic, nicolae_hepliaklqana_hippocampus,
          lightli_ossuary_entry_decrepit_ruins, nrook_campfire
D:8:      lemuel_ratsnest, layout_rooms
D:9:      hangedman_cross_cluster, layout_stronghold, dpeg_oklobed_lair,
          uniq_joseph

Skill      XL: |  1  2  3  4  5  6  7  8  9 10 |
---------------+-------------------------------+-----
Axes           | 3 4 5 6 |  6.7
Spellcasting   | 1 2 3 |  3.0
Conjurations   | 1 2 3 4 6 7 |  7.3
Fire Magic     | 1 2 3 4 6 7 |  7.3
Shields        | 1 2 3 4 |  4.0
Translocations | 4 |  4.0
Maces & Flails | 2 5 |  5.6
Fighting       | 2 5 |  5.6
Throwing       | |  1.7
Dodging        | |  2.4

Action                   |  1- 3 |  4- 6 |  7- 9 | 10-12 || total
-------------------------+-------+-------+-------+-------++-------
Melee: War axe           |    80 |    94 |    87 |       ||   261
       Bite              |    11 |    25 |    36 |    44 ||   116
       Mace              |       |       |    41 |   152 ||   193
Throw: Javelin           |     1 |       |     1 |       ||     2
 Cast: Foxfire           |       |       |    28 |     7 ||    35
Evoke: Wand              |       |       |     6 |     1 ||     7
  Use: Scroll            |     7 |    10 |    11 |     3 ||    31
       Potion            |       |       |     3 |       ||     3
 Stab: Sleeping          |       |     1 |       |       ||     1
Armor: Leather armour    |    20 |    20 |    18 |       ||    58
       Ring mail         |    26 |       |    14 |    57 ||    97
       Plate armour      |       |       |     2 |       ||     2
Dodge: Dodged            |    50 |    49 |    62 |    79 ||   240
Block: Buckler           |     5 |    19 |    39 |    57 ||   120

Table legend: (Time is in decaauts)
 A = Elapsed time spent in this place.
 B = Non-inter-level travel time spent in this place.
 C = Inter-level travel time spent in this place.
 D = Time resting spent in this place.
 E = Time spent auto-exploring this place.
 F = Levels seen in this place.
 G = Mean time per level.
                   A        B        C        D        E       F      G
               +--------+--------+--------+--------+--------+-----+--------+
         Total |   8368 |   7802 |    566 |    415 |   5814 |  10 |  836.8 |
       Dungeon |   8210 |   7644 |    566 |    415 |   5723 |   9 |  912.2 |
       Ossuary |    157 |    157 |      0 |      0 |     91 |   1 |  157.0 |
               +--------+--------+--------+--------+--------+-----+--------+

Top non-repeatable levels by time:
     D:7: 1295 daAuts
     D:1: 1103 daAuts
     D:5: 1078 daAuts
     D:8: 968 daAuts
     D:4: 955 daAuts
     D:6: 911 daAuts
     D:3: 848 daAuts
     D:2: 660 daAuts
     D:9: 390 daAuts
 Ossuary: 157 daAuts

Table legend:
 A = Kills in this place as a percentage of kills in entire the game.
 B = Kills by you in this place as a percentage of kills by you in the entire game.
 C = Kills by friends in this place as a percentage of kills by friends in the entire game.
 D = Other kills in this place as a percentage of other kills in the entire game.
 E = Experience gained in this place as a percentage of experience gained in the entire game.
 F = Experience gained in this place divided by the number of levels of this place that you have seen.
                   A       B       C       D       E      F
               +-------+-------+-------+-------+-------+----------------------
         Total | 100.0 | 100.0 |   N/A |   N/A | 100.0 | 1007.6
       Dungeon |  92.5 |  92.5 |   N/A |   N/A |  97.8 | 1094.9
       Ossuary |   7.5 |   7.5 |   N/A |   N/A |   2.2 | 222.0
               +-------+-------+-------+-------+-------+----------------------
